Map: Orbital Shipyard

Players

BrokenStars

  • Race: Terran Terran
  • League: Gold

lesha - Winner!

  • Race: Terran Terran
  • League: Gold

VOD

Have the link to the VOD?

Description

Time

  • Played on: Jan. 14, 2016, 8:17 a.m.
  • Length: 14:34
Show
View Real Time Build Order
Export as new Build Order

BrokenStars Terran 

Build Orders: Hellion Banshee 

Get SALT Encoding   

  12  0:01  SCV  
  13  0:13  SCV  
  14  0:17  Supply Depot  
  14  0:25  SCV  
  15  0:39  SCV  
  15  0:40  Barracks  
  16  0:45  Refinery  
  16  0:51  SCV  
  17  1:00  Supply Depot  
  17  1:03  SCV  
  18  1:15  SCV  
  19  1:27  Marine  
  19  1:28  Orbital Command  
  20  1:50  Command Center  
  20  1:53  Marine  
  21  1:57  SCV  
  22  2:09  SCV  
  22  2:11  Factory  
  23  2:19  Barracks Reactor  
  23  2:22  SCV  
  23  2:29  Refinery  
  23  2:34  SCV  
  23  2:35  Engineering Bay  
  24  2:46  SCV  
  25  2:55  Starport  
  25  3:07  Barracks Reactor  
  25  3:08  Hellion  
  25  3:09  SCV, Hellion  
  30  3:13  SCV  
  31  3:22  SCV  
  31  3:25  SCV  
  33  3:30  Hellion x2  
  33  3:34  SCV, Viking  
  38  3:39  SCV  
  41  3:46  SCV  
  42  3:51  SCV, Hellion  
  45  3:58  SCV  
  45  3:59  Supply Depot  
  45  4:02  Supply Depot  
  46  4:06  Marine x2  
  46  4:07  Hellion  
  46  4:08  Starport Tech Lab  
  50  4:14  Hellion  
  52  4:23  SCV  
  53  4:24  Marine x2  
  53  4:28  Hellion  
  57  4:32  SCV  
  57  4:34  Banshee  
  57  4:35  SCV  
  57  4:36  Hellion  
  64  4:44  SCV  
  65  4:47  SCV  
  65  4:52  Marine x2  
  66  4:54  Hellion  
  66  4:56  Cloaking Field  
  70  5:03  Supply Depot  
  70  5:07  Supply Depot  
  70  5:14  SCV, Marine x2  
  70  5:15  Hellion x2  
  77  5:25  Banshee  
  77  5:26  SCV  
  77  5:27  SCV  
  82  5:29  Supply Depot  
  82  5:36  Hellion, Widow Mine  
  82  5:38  SCV  
  82  5:41  Marine x2  
  89  5:50  Liberator  
  89  5:57  Widow Mine  
  87  5:59  Marine x2  
  91  6:04  Widow Mine  
  91  6:10  Orbital Command  
  91  6:11  SCV  
  97  6:17  Refinery, Marine x2  
  99  6:20  Supply Depot  
  99  6:22  Terran Infantry Weapons Level 1  
  99  6:23  SCV  
  100  6:26  Hellion  
  102  6:41  SCV, Marine x2, Widow Mine  
  107  6:50  Banshee  
  107  6:54  Hellion  
  109  6:59  Marine x2  
  109  7:22  Supply Depot x2  
  109  7:23  Supply Depot, SCV  
  110  7:31  SCV  
  110  7:32  Hellion x2, Marine  
  110  7:33  Marine  
  110  7:35  SCV  
  118  7:43  Medivac  
  120  7:47  Factory  
  120  7:48  Barracks  
  120  7:50  Marine x2  
  122  7:52  Command Center  
  122  7:53  Hellion x2  
  122  7:54  Supply Depot  
  122  7:57  Supply Depot  
  126  8:08  Marine x2  
  128  8:13  Medivac  
  128  8:14  Hellion x2  
  128  8:19  Missile Turret  
  134  8:26  Liberator  
  134  8:27  SCV x2  
  134  8:30  Terran Infantry Armor Level 1  
  134  8:31  Factory Tech Lab  
  136  8:35  Barracks Tech Lab, Widow Mine x2  
  136  8:38  Marine x2  
  136  8:39  SCV  
  136  8:40  Missile Turret  
  139  9:01  SCV x2, Missile Turret  
  139  9:02  Marine  
  142  9:03  Marine, Marauder  
  142  9:06  Stimpack  
  142  9:09  Siege Tank  
  147  9:10  Hellion  
  147  9:11  Hellion  
  147  9:13  SCV x2  
  103  9:19  Marine  
  103  9:24  Missile Turret, Marauder  
  91  9:28  Marine  
  94  9:32  Hellion x2  
  94  9:37  Marine  
  91  9:41  Siege Tank  
  94  9:48  Missile Turret  
  94  9:50  SCV x2  
  94  9:51  Marine  
  94  9:52  Marine  
  98  9:54  Hellion  
  98  9:55  Banshee, Hellion, Marine  
  106  10:02  SCV x2  
  106  10:03  Engineering Bay  
  106  10:06  Armory  
  108  10:09  Missile Turret, Marine  
  108  10:10  Marine  
  108  10:13  Siege Tank, Marine  
  113  10:14  SCV x2  
  113  10:15  Hellion  
  113  10:19  Widow Mine  
  119  10:24  SCV  
  119  10:26  SCV x2  
  119  10:27  Marine x2  
  124  10:31  Missile Turret, Marine  
  125  10:36  Widow Mine  
  125  10:37  SCV  
  125  10:38  Banshee  
  131  10:43  Refinery  
  131  10:45  Siege Tank  
  131  10:46  Refinery x2  
  131  10:49  Planetary Fortress  
  134  10:52  Missile Turret  
  134  11:02  Marine x3  
  134  11:04  Hellion  
  139  11:05  Hellion  
  141  11:17  Siege Tank  
  144  11:19  Marine  
  144  11:20  Marine x2  
  144  11:21  Viking  
  144  11:25  Hellion  
  151  11:26  Hellion  
  151  11:31  Missile Turret  
  153  11:37  Marine  
  153  11:38  Marine x2  
  156  11:40  Starport  
  156  11:42  Barracks, Terran Ship Weapons Level 1  
  156  11:45  Combat Shields  
  156  11:53  Barracks, Missile Turret  
  152  11:59  SCV x2  
  152  12:00  SCV  
  149  12:11  SCV  
  147  12:26  SCV  
  147  12:27  SCV x2  
  147  12:28  Missile Turret, Marine x3  
  147  12:29  Hellion, Missile Turret  
  157  12:30  Hellion, Siege Tank  
  157  12:31  Missile Turret, Medivac  
  157  12:34  Starport Reactor  
  157  12:35  Barracks Reactor, Missile Turret  
  162  12:38  SCV  
  162  12:40  Barracks Reactor  
  163  12:45  Marine  
  163  12:46  Marine x2  
  163  12:51  Hellion x2  
  170  13:01  Medivac  
  170  13:02  Siege Tank  
  170  13:03  Marine x2  
  170  13:04  Marine  
  178  13:11  Supply Depot x2  
  178  13:12  Infernal Pre-Igniter  
  152  13:36  Missile Turret  
  152  13:40  Missile Turret  
  92  13:44  Missile Turret, Marine x4  
  92  13:45  Marine x3  
  62  14:02  Marine x3  
  53  14:05  Hellion  
  50  14:10  Marine  
  50  14:12  Marine  
Show
View Real Time Build Order
Export as new Build Order

lesha Terran - Winner!

Build Orders: Reaper Expand, MMM Bio 

Get SALT Encoding   

  12  0:01  SCV  
  13  0:13  SCV  
  14  0:23  Supply Depot  
  15  0:28  SCV  
  15  0:44  SCV  
  15  0:46  Barracks  
  16  0:53  Refinery  
  16  0:56  SCV  
  17  1:08  SCV  
  18  1:21  SCV  
  19  1:33  Orbital Command  
  19  1:40  Reaper  
  19  1:43  Command Center  
  20  1:47  Refinery  
  20  2:02  SCV  
  21  2:16  Factory  
  21  2:22  Barracks  
  21  2:32  Barracks Reactor  
  21  2:34  Supply Depot  
  21  2:40  SCV  
  21  2:41  Barracks  
  22  2:52  SCV  
  22  2:56  Orbital Command  
  23  3:04  Factory Tech Lab, SCV  
  24  3:06  Starport  
  24  3:16  SCV, Marine x2  
  24  3:17  Barracks Tech Lab  
  27  3:23  SCV  
  28  3:30  Barracks Reactor  
  28  3:38  Engineering Bay, Marine x2  
  30  3:43  Starport Reactor  
  30  3:49  SCV x2  
  30  3:53  Marine  
  33  3:56  Siege Tank  
  36  4:06  Marine x2  
  36  4:07  Marine x2  
  36  4:09  SCV x2  
  42  4:14  Refinery  
  42  4:19  Refinery, Marine  
  42  4:21  SCV  
  42  4:22  Medivac  
  46  4:31  Stimpack  
  46  4:47  SCV x2, Marine x4  
  52  5:00  Marine  
  52  5:01  Supply Depot x2  
  52  5:04  Marine  
  54  5:22  Medivac, Siege Tank, Marine x2  
  54  5:23  SCV x2, Marine  
  64  5:28  Marine  
  64  5:29  Marine  
  64  5:45  Marine x2  
  64  5:46  Marine  
  59  5:50  Terran Infantry Weapons Level 1  
  59  5:58  Barracks  
  59  6:00  Barracks  
  59  6:21  Missile Turret  
  59  6:22  Missile Turret  
  59  6:25  SCV x2  
  61  6:26  Marine x2  
  61  6:27  Marine x3  
  61  6:31  Combat Shields  
  66  6:37  SCV x2, Missile Turret  
  67  7:03  Marine  
  67  7:04  Marine x2  
  70  7:10  Barracks Reactor  
  70  7:26  Missile Turret  
  70  7:27  Barracks Reactor  
  70  7:32  Supply Depot  
  70  7:35  Supply Depot  
  70  7:38  Supply Depot  
  70  7:39  Supply Depot  
  70  7:44  Terran Infantry Armor Level 1  
  70  7:53  Marine x6  
  70  7:54  SCV x2  
  70  7:56  Viking, Medivac  
  82  7:59  Armory  
  82  8:03  Engineering Bay, Marine  
  83  8:06  SCV x2  
  83  8:11  Marine  
  86  8:24  Marine x3  
  86  8:25  Marine x5  
  94  8:33  SCV  
  94  8:34  SCV, Marine  
  91  8:42  Marine x2  
  91  8:44  Marine x4  
  91  8:45  Marine x2  
  99  8:52  Marine  
  100  9:00  Marine  
  101  9:03  Terran Infantry Weapons Level 2  
  63  9:38  Marine x6  
  65  9:39  Marine  
  70  9:53  Command Center  
  70  10:01  Marine x5  
  70  10:02  Marine x3  
  70  10:03  Medivac x2  
  70  10:04  Marine  
  73  10:36  Marine  
  73  10:37  Marine x2  
  73  10:38  Marine x4  
  73  10:39  Marine  
  73  10:41  SCV x2  
  83  10:43  Marine  
  83  10:47  Terran Infantry Armor Level 2  
  83  10:48  Concussive Shells  
  84  10:53  SCV  
  84  10:54  Marine x3  
  88  11:01  Supply Depot  
  88  11:02  Supply Depot x2  
  88  11:05  Orbital Command  
  88  11:06  Supply Depot, SCV x2  
  90  11:14  Marine  
  90  11:15  Marine x3  
  94  11:28  Marine x5  
  94  11:29  Siege Tank  
  94  11:30  Medivac x2  
  96  12:16  Marine x3  
  96  12:17  Marine x6  
  96  12:19  Medivac x2  
  109  12:26  SCV x2  
  109  12:27  SCV  
  112  12:36  Marauder  
  114  12:38  SCV  
  114  12:39  SCV x2  
  114  12:41  Marine x7  
  114  12:42  Marine  
  114  12:43  Siege Tank  
  128  12:49  Barracks  
  128  12:51  SCV, Barracks  
  129  12:52  Barracks x2  
  129  12:57  Marauder  
  131  12:58  Marine  
  131  12:59  Marine x7  
  139  13:16  Siege Tank, Marine x2  
  139  13:18  Marauder  
  135  13:38  Marine x4  
  135  13:39  Marine x4  
Tags
 
Add a new tag
Caveats
  • Supply blocks, unpowered buildings, or Contaminate may cause inaccurate times.
  • Supply counts are checked every 10 seconds.